 Dungeon Crawl Stone Soup version 0.28-a0-984-g3775c662fe (webtiles) character file.

Game seed: 13437275864759971410

69 fragbeetle the Ruffian (level 4, -2/52 HPs)
             Began as a Draconian Transmuter on Dec 3, 2021.
             Slain by an iguana (7 damage)
             ... on level 4 of the Dungeon.
             The game lasted 00:06:29 (2162 turns).

fragbeetle the Ruffian (Draconian Transmuter)       Turns: 2162, Time: 00:06:29

Health: -2/52      AC:  5    Str: 14    XL:     4   Next: 2%
Magic:  16/16      EV: 12    Int: 19    God:
Gold:   119        SH:  0    Dex: 12    Spells: 1/7 levels left

rFire   . . .      SeeInvis .     - Unarmed
rCold   . . .      Faith    .   (no shield)
rNeg    . . .      Spirit   .   (armour unavailable)
rPois   .          Reflect  .   (helmet currently unavailable)
rElec   .          Harm     .   (no cloak)
rCorr   .          Rampage  .   (no gloves)
Will    .....                   (boots currently unavailable)
Stlth   ..........              j - amulet of regeneration
HPRegen 0.97/turn               e - +6 ring of intelligence
MPRegen 0.15/turn               i - ring of magical power

@: berserking, appendages, very quick
A: horns 2, talons 2, AC +5, unfitting armour, cold-blooded
a: End Transformation


You were on level 4 of the Dungeon.
You had temporarily grown beastly horns and talons.
You visited 1 branch of the dungeon, and saw 4 of its levels.

You collected 119 gold pieces.

Inventory:

Hand Weapons
 m - a +2 dagger of speed
Jewellery
 e - a +6 ring of intelligence (left hand)
 i - a ring of magical power (right hand)
 j - an amulet of regeneration (around neck)
 n - an amulet of reflection
Wands
 k - a wand of digging (8)
Scrolls
 b - a scroll of enchant armour {unknown}
 c - 2 scrolls of enchant weapon {unknown}
 f - 3 scrolls of teleportation {unknown}
 h - a scroll of noise {unknown}
Potions
 a - a potion of berserk rage
 d - a potion of curing {unknown}
 g - a potion of heal wounds {unknown}
 l - 2 potions of lignification {unknown}


   Skills:
 + Level 1.4 Fighting
 + Level 2.0 Dodging
 + Level 4.2 Unarmed Combat
 - Level 2.2 Spellcasting
 + Level 2.4 Transmutations


You had one spell level left.
You knew the following spells:

 Your Spells              Type           Power      Damage    Failure   Level
a - Beastly Appendage     Tmut           22%        N/A       6%          1
b - Blink                 Tloc           4%         N/A       26%         2
c - Spider Form           Tmut/Pois      6%         N/A       30%         3

Your spell library contained the following spells:

 Spells                   Type           Power      Damage    Failure   Level
 Slow                     Hex            8%         N/A       17%         1
 Wereblood                Tmut           11%        N/A       9%          2
 Confusing Touch          Hex            2%         N/A       45%         3
 Lesser Beckoning         Tloc           2%         N/A       45%         3
 Ice Form                 Ice/Tmut       6%         N/A       69%         4
 Yara's Violent Unravell  Hex/Tmut       3%         3d4       95%         5
 Manifold Assault         Tloc           2%         N/A       99%         5


Dungeon Overview and Level Annotations

Branches:
Dungeon (4/15)
 Temple: D:4-7

Altars:
Vehumet


Innate Abilities, Weirdness & Mutations

You have temporarily grown beastly horns and talons.
Your plain brown scales are hard. (AC +5)
You cannot fit into any form of body armour.
You are cold-blooded and may be slowed by cold attacks.


Message History

An iguana comes into view.
Found a scroll labelled SEED ESILYGGEC.
The iguana hisses angrily.
The iguana moves out of view.
Casting: Beastly Appendage (safe; 6% risk of failure)
Confirm with . or Enter, or press ? or * to list all spells.
You grow a pair of large bovine horns.
Your feet morph into talons.
You hit the iguana. Your kick misses the iguana.
Your headbutt misses the iguana.
The iguana is lightly wounded.
The iguana bites you!
You barely miss the iguana. Your kick misses the iguana.
The iguana is lightly wounded.
The iguana bites you!
You hit the iguana. You claw the iguana. Your headbutt misses the iguana.
The iguana is moderately wounded.
The iguana closely misses you.
You closely miss the iguana. Your headbutt misses the iguana.
The iguana is moderately wounded.
The iguana completely misses you.
You barely miss the iguana.
The iguana is moderately wounded.
You barely miss the iguana.
The iguana is moderately wounded.
The iguana hisses menacingly.
The iguana bites you!
* * * LOW HITPOINT WARNING * * *
You hit the iguana but do no damage.
The iguana is moderately wounded.
The iguana closely misses you.
You barely miss the iguana. You headbutt the iguana.
Your tail-slap misses the iguana.
The iguana is severely wounded.
The iguana bites you.
* * * LOW HITPOINT WARNING * * *
Okay, then.
It was a potion of berserk rage.
A red film seems to cover your vision as you go berserk!
You feel yourself moving faster!
You feel mighty! The iguana bites you!
You die...

# .. .# .##
##########...##
##########.............#
#...............@l.....#
#.########.#######...?.#
#.# #.# ...## #.# #.#
.## #.# #.. # #.#####
### ......# #.###.# #.#


You could see an iguana.

Vanquished Creatures
  A dart slug (D:2)
  3 endoplasms
  A giant cockroach (D:1)
  12 goblins
  10 hobgoblins
  2 jackals (D:1)
  6 kobolds
  5 quokkas
  5 ball pythons
  2 bats
  4 frilled lizards
  4 rats
  A spectral kobold (D:2)
56 creatures vanquished.

Notes
Turn   | Place    | Note
-------+----------+-------------------------------------------
     0 | D:1      | fragbeetle the Draconian Transmuter began the quest for the
                  | Orb.
     0 | D:1      | Reached XP level 1. HP: 16/16 MP: 3/3
   221 | D:1      | Reached XP level 2. HP: 23/23 MP: 3/5
   226 | D:1      | Learned a level 2 spell: Blink
  1013 | D:2      | Reached XP level 3. HP: 28/28 MP: 4/6
  1195 | D:2      | Found a radiant altar of Vehumet.
  1314 | D:2      | Found a faded altar of an unknown god.
  1797 | D:2      | Reached skill level 4 in Unarmed Combat
  2079 | D:3      | Learned a level 3 spell: Spider Form
  2088 | D:3      | Reached XP level 4. HP: 35/35 MP: 7/7
  2162 | D:4      | Slain by an iguana

Illustrated notes

Levels and vault maps discovered:
D:1:      denvon_arrival_waterhouse, layout_loops_ring
D:2:      cheibrodos_greedy_goblins, layout_basic, basic_altar,
          dreamdust_ecumenical_altar_drowned_temple, minivault_5,
          minmay_small_reverse_x
D:3:      layout_basic
D:4:      layout_loops_ring, nzn_overflow_gifts_of_might_and_magic,
          minmay_temple_entry_sparse_star

Skill      XL: |  1  2  3 |
---------------+----------+-----
Dodging        | 2 |  2.0
Unarmed Combat | 4 |  4.2
Fighting       | |  1.4
Spellcasting   | |  2.2
Transmutations | |  2.4

Action                   |  1- 3 |  4- 6 || total
-------------------------+-------+-------++-------
Melee: Unarmed           |   132 |    12 ||   144
       Kick              |    25 |     2 ||    27
       Headbutt          |    12 |     1 ||    13
       Tailslap          |     8 |       ||     8
       Punch             |     2 |       ||     2
 Cast: Beastly Appendage |    33 |     2 ||    35
       Blink             |     1 |       ||     1
  Use: Potion            |       |     1 ||     1
Armor: Skin              |    31 |     1 ||    32
Dodge: Dodged            |    71 |     5 ||    76

Table legend: (Time is in decaauts)
 A = Elapsed time spent in this place.
 B = Non-inter-level travel time spent in this place.
 C = Inter-level travel time spent in this place.
 D = Time resting spent in this place.
 E = Time spent auto-exploring this place.
 F = Levels seen in this place.
 G = Mean time per level.
                   A        B        C        D        E       F      G
               +--------+--------+--------+--------+--------+-----+--------+
         Total |   2171 |   2171 |      0 |      0 |   1408 |   4 |  542.8 |
       Dungeon |   2171 |   2171 |      0 |      0 |   1408 |   4 |  542.8 |
               +--------+--------+--------+--------+--------+-----+--------+

Top non-repeatable levels by time:
     D:2: 1165 daAuts
     D:1: 885 daAuts
     D:3: 74 daAuts
     D:4: 45 daAuts
